 Dungeon Crawl Stone Soup version 0.21-a0-538-gd16b88a (webtiles) character file.

42 KristoblXynda the Ducker (level 3, 0/21 HPs)
             Began as a Tengu Gladiator on Dec 16, 2017.
             Slain by a worm (10 damage)
             ... on level 2 of the Dungeon.
             The game lasted 00:01:49 (1422 turns).

KristoblXynda the Ducker (Tengu Gladiator)          Turns: 1422, Time: 00:01:50

Health: 0/21       AC:  4    Str: 15    XL:     3   Next: 56%
Magic:  4/4        EV: 14    Int:  8    God:
Gold:   81         SH:  0    Dex: 15    Spells: 2/2 levels left

rFire    . . .     SeeInvis .   a - +0 long sword
rCold    . . .     Gourm    .   (no shield)
rNeg     . . .     Faith    .   b - +0 leather armour
rPois    .         Spirit   .   c - +0 hat
rElec    .         Reflect  .   n - +0 cloak
rCorr    .         Harm     .   (no gloves)
MR       .....                  (boots unavailable)
Stlth    ++........             (no amulet)
HPRegen  0.07/turn              (no ring)
MPRegen  0.09/turn              (no ring)

@: no status effects
A: beak, talons 3
a: no special abilities


You were on level 2 of the Dungeon.
You were not hungry.

You visited 1 branch of the dungeon, and saw 2 of its levels.

You collected 81 gold pieces.

Inventory:

Hand Weapons
 a - a +0 long sword (weapon)
Missiles
 d - 3 throwing nets (quivered)
Armour
 b - a +0 leather armour (worn)
 c - a +0 hat (worn)
 n - a +0 cloak (worn)
Jewellery
 j - an uncursed ring of protection from fire {unknown}
Scrolls
 e - a scroll of identify {unknown}
 l - 3 scrolls of remove curse {unknown}
 m - a scroll of blinking {unknown}
 p - a scroll of enchant weapon {unknown}
Potions
 k - a potion of brilliance {unknown}
Comestibles
 f - 3 bread rations
 g - 2 royal jellies
 h - 2 meat rations
 i - 3 fruits
 o - a chunk of flesh


   Skills:
 - Level 2.0 Fighting
 + Level 3.9 Long Blades
 - Level 2.0 Throwing
 + Level 3.9 Dodging
 + Level 1.7 Stealth


You had 2 spell levels left.
You didn't know any spells.

Dungeon Overview and Level Annotations

Branches:
Dungeon (2/15)

Altars:
Gozag
Yredelemnul


Innate Abilities, Weirdness & Mutations

You have a beak for a mouth.
You have claws for feet.


Message History

The hobgoblin closely misses you.
You closely miss the hobgoblin.
You claw the hobgoblin, but do no damage.
Your peck misses the hobgoblin. The hobgoblin barely misses you.
You riposte.
You hit the hobgoblin.
The hobgoblin is almost dead.
You barely miss the hobgoblin. You claw the hobgoblin.
You kill the hobgoblin!
You see here a club.
Found a stone staircase leading down.
A worm comes into view.
Found 7 gold pieces.
A worm is nearby!
Found an escape hatch in the floor.
The worm bites you!
Ouch! That really hurt!
You hit the worm. You claw the worm. You peck the worm.
The worm is heavily wounded.
The worm bites you!
You die...

.# # .# #.
.# +#####
#.#######$##
.....#
#...#......#
.....#
#>...w...#
.....#
#...@...#
.....#
#.......#
.....#
#...#####
.....#
###..#
.....#
#...>#
'#####
#.#### .#
#.# .# #.#
.# #.#


You could see a worm.

Vanquished Creatures
  A worm (D:2)
  A dart slug (D:1)
  3 leopard geckos (D:1)
  3 bats (D:1)
  2 giant cockroaches (D:1)
  6 hobgoblins
  3 jackals (D:1)
  A frilled lizard (D:1)
  5 goblins
  2 kobolds (D:1)
  5 rats
32 creatures vanquished.

Notes
Turn   | Place    | Note
-------+----------+-------------------------------------------
     0 | D:1      | KristoblXynda the Tengu Gladiator began the quest for the Orb.
     0 | D:1      | Reached XP level 1. HP: 12/12 MP: 2/2
   112 | D:1      | Reached XP level 2. HP: 5/17 MP: 3/3
   406 | D:1      | Reached skill level 1 in Stealth
   783 | D:1      | Reached XP level 3. HP: 21/21 MP: 4/4
  1168 | D:2      | Found a basalt altar of Yredelemnul.
  1169 | D:2      | Found an opulent altar of Gozag.
  1422 | D:2      | Slain by a worm

Vault maps used:
D:1:      tarquinn_simple_flora_water_c, serial_bayou_pond_e
D:2:      gammafunk_temple_overflow_pools, minmay_misc_feat_ornament,
          serial_park_tiny_2, kennysheep_generic_room_8

Skill      XL: |  1  2 |
---------------+-------+-----
Stealth        | 1 |  1.7
Fighting       | |  2.0
Long Blades    | |  3.9
Throwing       | |  2.0
Dodging        | |  3.9

Action                   || total
-------------------------++-------
Melee: Long sword        ||    68
       Kick              ||    19
       Peck              ||     9
 Stab: Sleeping          ||     4
  Eat: Chunk             ||     2
Armor: Leather armour    ||    17
Dodge: Dodged            ||    39
       Rpst.: Long sword ||    13

Table legend:
 A = Spawn XP
 B = Non-spawn XP
 C = Spawn XP percentage of total XP
 D = Spawn monster count
 E = Non-spawn monster count
 F = Spawn count percentage of total count
 G = Total turns spent on level
                    A         B        C        D         E        F      G
               +---------+---------+-------+---------+---------+-------+---------
         Total |       0 |      61 |   0.0 |       0 |      32 |   0.0 |  1422
               +---------+---------+-------+---------+---------+-------+---------
           D:1 |       0 |      47 |   0.0 |       0 |      24 |   0.0 |  1038
           D:2 |       0 |      14 |   0.0 |       0 |       8 |   0.0 |   384
               +---------+---------+-------+---------+---------+-------+---------
